 Dungeon Sprint DCSS version 0.21.1-1-g345015f (webtiles) character file.

15978 Fang the Executioner (level 12, -14/223 HPs)
             Began as a Minotaur Berserker on May 31, 2018.
             Was the Champion of Trog.
             Hit by a large rock thrown by a stone giant (29 damage)
             ... in the Dungeon (Sprint IX: "|||||||||||||||||||||||||||||").
             The game lasted 00:05:33 (2475 turns).

Fang the Executioner (Minotaur Berserker)           Turns: 2475, Time: 00:05:33

Health: -14/223    AC:  6    Str: 31    XL:     12   Next: 6%
Magic:  3/3        EV: 18    Int: 11    God:    Trog [******]
Gold:   1270       SH:  0    Dex: 11    Spells: 11/11 levels left

rFire    + . .     SeeInvis .   y - +9 hand axe of Conformity {antimagic, rF+ Int+4}
rCold    . . .     Gourm    .   (no shield)
rNeg     . . .     Faith    .   u - +2 robe {Archmagi}
rPois    .         Spirit   .   (helmet restricted)
rElec    .         Reflect  .   (no cloak)
rCorr    .         Harm     .   (no gloves)
MR       .....     Clarity  +   (no boots) Stlth ..........NoTele +
                                (no amulet)
HPRegen  0.47/turn              o - +3 ring of intelligence
MPRegen  0.08/turn              p - +2 ring of protection

@: berserking (expiring), very quick
A: retaliatory headbutt, horns 2, clarity, robust 1
a: Berserk, Trog's Hand, Brothers in Arms, Burn Spellbooks, Renounce Religion


You were in the Dungeon.
You worshipped Trog.
Trog was exalted by your worship.
You were very hungry.

You visited 1 branch You collected 1270 gold pieces.

Inventory:

Hand Weapons
 a - a +8 battleaxe of chopping
 n - a +3 war axe of pain
 v - a +3 war axe of holy wrath
 w - a +3 antimagic battleaxe
 x - a +5 executioner's axe of freezing
 y - the +9 hand axe of Conformity (weapon) {antimagic, rF+ Int+4}
   (Trog gifted it to you in the Dungeon)

   It reduces the magical energy of the wielder, and disrupts the spells and
   magical abilities of those hit.
   Natural abilities and divine invocations are not affected.
   It affects your intelligence (+4).
   It protects you from fire.
Armour
 u - a +2 robe of the Archmagi (worn)
Jewellery
 o - a +3 ring of intelligence (left hand)
 p - a +2 ring of protection (right hand)
Wands
 b - a wand of clouds (4)
 m - a wand of iceblast (10)
Scrolls
 i - 3 scrolls of blinking
 l - 5 scrolls of remove curse
 r - 2 scrolls of identify
 s - a scroll of fog
 t - 2 scrolls of enchant armour
Potions
 d - 6 potions of curing
 e - 6 potions of heal wounds
 f - a potion of haste
 g - 4 potions of magic
 h - a potion of berserk rage
 j - a potion of mutation
 k - a potion of invisibility
 q - a potion of might
Comestibles
 c - 10 rations
 z - 8 chunks of flesh


   Skills:
 + Level 21.0 Fighting
 + Level 21.7 Axes
 + Level 7.9 Armour
 + Level 12.6 Dodging
 + Level 5.2 Stealth


You had 11 spell levels left.
You didn't know any spells.

Dungeon Overview and Level Annotations

Branches:
Dungeon (1/1)

Altars:
Cheibriados
Dithmenos
Elyvilon
Fedhas
Gozag
Hepliaklqana
Kikubaaqudgha
Makhleb
Nemelex Xobeh
Okawaru
Qazlal
Ru
Sif Muna
Trog
Uskayaw
Vehumet
Wu Jian
Xom
Yredelemnul
Zin
The Shining One
Beogh
Jiyva
Lugonu

Shops:
D **[


Innate Abilities, Weirdness & Mutations

You reflexively headbutt those who attack you in melee.
You have a pair of horns on your head.
You possess an exceptional clarity of mind.
You are robust. (+10% HP)


Message History

Your experience leads to an increase in your attributes!
Your base attributes are Str 25, Int 4, Dex 10.
Increase (S)trength, (I)ntelligence, or (D)exterity?
You feel stronger.
You feel agile.
You slash the deep troll!
The deep troll is moderately wounded.
Unknown command.
You carve the deep troll like a ham!!!
The deep troll is almost dead.
Unknown command.
You slash the deep troll!
You feel the power of Trog in you as your rage grows.
You kill the deep troll!
Trog accepts your kill.
The troll leather armour is intact enough to wear.
Your Fighting skill increases to level 21!
The stone giant throws a large rock.
The large rock hits you!!!
* * * LOW HITPOINT WARNING * * *
The stone giant throws a large rock.
The large rock hits you!!
You die...

('.....))..[[[)|?.'______________
▓▓▓▓▓▓▓▓▓▓▓▓▓▓▓▓▓▓▓▓▓▓▓▓▓▓▓▓▓▓▓▓▓
.................................
▓▓▓▓▓▓▓▓▓▓▓▓▓▓▓▓▓▓▓▓▓▓▓▓▓▓▓▓▓▓▓▓▓
[[[..'.(.(.......÷'......÷).'....
▓▓▓▓▓▓▓▓▓▓▓▓▓▓▓▓▓▓▓▓▓▓▓▓▓▓▓▓▓▓▓▓▓
...........[....(.(..(.).........
▓▓▓▓▓▓▓▓▓▓▓▓▓▓▓▓▓▓▓▓▓▓▓▓▓▓▓▓▓▓▓▓▓
∩$∩$C$$@)$†....)))))).))
▓▓▓▓▓▓▓▓▓▓▓▓▓▓▓▓▓▓▓▓▓▓▓▓


You could see a stone giant.

Vanquished Creatures
  An ettin (D)
  A centaur warrior (D)
  4 death yaks (D)
  A two-headed ogre (D)
  2 ogre magi (D)
  Sonja (D)
  An orc high priest (D)
  A deep troll (D)
  3 orc knights (D)
  An orc sorcerer (D)
  Maurice (D)
  3 spiny frogs (D)
  An elephant (D)
  A black mamba (D)
  Psyche (D)
  2 komodo dragons (D)
  4 trolls (D)
  A hippogriff (D)
  5 yaks (D)
  3 porcupines (D)
  2 water moccasins (D)
  10 orc warriors (D)
  A sky beast (D)
  A necrophage (D)
  A wolf (D)
  2 crocodiles (D)
  A big kobold (D)
  4 bullfrogs (D)
  2 scorpions (D)
  A crimson imp (D)
  2 orc priests (D)
  2 orc wizards (D)
  An adder (D)
  An adder skeleton (D)
  8 orcs (D)
  A ball python (D)
  A bat (D)
  2 frilled lizards (D)
  A jackal skeleton (D)
  A rat (D)
83 creatures vanquished.

Notes
Turn   | Place    | Note
-------+----------+-------------------------------------------
     0 | D        | Fang the Minotaur Berserker began the quest for the Orb.
     0 | D        | Reached XP level 1. HP: 19/19 MP: 0/0
    11 | D        | Reached ** piety under Trog
   316 | D        | Noticed a crimson imp
   316 | D        | Noticed a scorpion
   318 | D        | Reached skill level 5 in Fighting
   318 | D        | Reached skill level 5 in Axes
   318 | D        | Reached XP level 2. HP: 29/29 MP: 1/1
   322 | D        | Killed a scorpion
   322 | D        | Reached *** piety under Trog
   322 | D        | Reached XP level 3. HP: 33/38 MP: 2/2
   329 | D        | Reached XP level 4. HP: 27/48 MP: 3/3
   342 | D        | Found a roughly hewn altar of Beogh.
   342 | D        | Found a snail-covered altar of Cheibriados.
   342 | D        | Found a shadowy altar of Dithmenos.
   342 | D        | Found a white marble altar of Elyvilon.
   342 | D        | Found a blossoming altar of Fedhas.
   342 | D        | Found an opulent altar of Gozag.
   343 | D        | Found a hazy altar of Hepliaklqana.
   344 | D        | Found a viscous altar of Jiyva.
   345 | D        | Found an ancient bone altar of Kikubaaqudgha.
   346 | D        | Found a corrupted altar of Lugonu.
   347 | D        | Found a burning altar of Makhleb.
   348 | D        | Found a sparkling altar of Nemelex Xobeh.
   349 | D        | Found an iron altar of Okawaru.
   350 | D        | Found a stormy altar of Qazlal.
   351 | D        | Found a sacrificial altar of Ru.
   352 | D        | Found a deep blue altar of Sif Muna.
   353 | D        | Found a bloodstained altar of Trog.
   354 | D        | Found a hide-covered altar of Uskayaw.
   355 | D        | Found a radiant altar of Vehumet.
   356 | D        | Found an ornate altar of the Wu Jian Council.
   357 | D        | Found a shimmering altar of Xom.
   358 | D        | Found a basalt altar of Yredelemnul.
   359 | D        | Found a glowing silver altar of Zin.
   360 | D        | Found a glowing golden altar of the Shining One.
   570 | D        | Noticed a big kobold
   570 | D        | Noticed a necrophage
   570 | D        | Noticed a crocodile
   570 | D        | Noticed a sky beast
   570 | D        | Noticed an orc warrior
   574 | D        | Killed an orc warrior
   574 | D        | Reached **** piety under Trog
   574 | D        | Reached XP level 5. HP: 57/57 MP: 4/4
   576 | D        | Killed a sky beast
   576 | D        | Reached skill level 10 in Fighting
   576 | D        | Reached skill level 10 in Axes
   576 | D        | Reached skill level 5 in Armour
   576 | D        | Reached skill level 5 in Dodging
   576 | D        | Reached XP level 6. HP: 66/66 MP: 5/5
   586 | D        | Reached ***** piety under Trog
   589 | D        | Reached XP level 7. HP: 75/75 MP: 6/6
   695 | D        | Noticed a yak
   695 | D        | Noticed a troll
   695 | D        | Noticed a centaur warrior
   695 | D        | Noticed a two-headed ogre
   701 | D        | Killed a two-headed ogre
   701 | D        | Reached skill level 1 in Stealth
   701 | D        | Reached XP level 8. HP: 86/86 MP: 7/7
   705 | D        | Killed a centaur warrior
   712 | D        | Killed a troll
   712 | D        | Reached skill level 15 in Axes
   712 | D        | Reached XP level 9. HP: 71/96 MP: 8/8
   715 | D        | Reached skill level 15 in Fighting
  1000 | D        | Gained mutation: You are robust. (+10% HP) [potion of mutation]
  1000 | D        | Gained mutation: You possess an exceptional clarity of mind. [potion of mutation]
  1001 | D        | Noticed a komodo dragon
  1001 | D        | Noticed a komodo dragon
  1006 | D        | Noticed a black mamba
  1006 | D        | Killed a komodo dragon
  1006 | D        | Reached ****** piety under Trog
  1006 | D        | Received a gift from Trog
  1014 | D        | Killed a komodo dragon
  1016 | D        | Killed a black mamba
  1021 | D        | Received a gift from Trog
  1302 | D        | Noticed a spiny frog
  1302 | D        | Noticed a spiny frog
  1303 | D        | Noticed an elephant
  1309 | D        | Noticed a spiny frog
  1309 | D        | Killed a spiny frog
  1309 | D        | Reached XP level 10. HP: 118/118 MP: 9/9
  1317 | D        | Killed a spiny frog
  1322 | D        | Killed an elephant
  1322 | D        | Received a gift from Trog
  1326 | D        | Killed a spiny frog
  1398 | D        | Noticed a death yak
  1398 | D        | Noticed a death yak
  1398 | D        | Noticed a death yak
  1403 | D        | Noticed a death yak
  1410 | D        | Killed a death yak
  1415 | D        | Killed a death yak
  1415 | D        | Reached skill level 10 in Dodging
  1421 | D        | Killed a death yak
  1424 | D        | Received a gift from Trog
  1433 | D        | Killed a death yak
  1433 | D        | Reached XP level 11. HP: 15/133 MP: 10/10
  1758 | D        | Noticed Psyche
  1763 | D        | Killed Psyche
  1785 | D        | Noticed Sonja
  1793 | D        | Noticed Maurice
  1800 | D        | Killed Sonja
  1801 | D        | Killed Maurice
  1801 | D        | Received a gift from Trog
  2125 | D        | Noticed an orc knight
  2125 | D        | Noticed an orc sorcerer
  2129 | D        | Killed an orc sorcerer
  2139 | D        | Killed an orc knight
  2139 | D        | Received a gift from Trog
  2171 | D        | Got a pitted broad axe {god gift}
  2322 | D        | Noticed an orc knight
  2322 | D        | Noticed an orc high priest
  2323 | D        | Noticed an orc knight
  2328 | D        | Killed an orc high priest
  2328 | D        | Received a gift from Trog
  2336 | D        | Killed an orc knight
  2342 | D        | Killed an orc knight
  2351 | D        | Received a gift from Trog
  2356 | D        | Got an encrusted hand axe {god gift}
  2357 | D        | Identified the +9 hand axe of Conformity {antimagic, rF+ Int+4} (Trog gifted it to you in the Dungeon)
  2444 | D        | Found Tioc's Armour Boutique.
  2444 | D        | Noticed an ogre mage
  2444 | D        | Noticed an ogre mage
  2446 | D        | Noticed an ettin
  2458 | D        | Noticed a deep troll
  2459 | D        | Found Qeagosme's General Store.
  2460 | D        | Killed an ogre mage
  2460 | D        | Reached skill level 5 in Stealth
  2464 | D        | Killed an ogre mage
  2465 | D        | Noticed a stone giant
  2471 | D        | Killed an ettin
  2471 | D        | Received a gift from Trog
  2471 | D        | Reached XP level 12. HP: 69/147 MP: 3/11
  2475 | D        | Found Koischue's Assorted Antiques.
  2475 | D        | Hit by a large rock thrown by a stone giant

Skill      XL: |  1  2  3  4  5  6  7  8  9 10 11 12 |
---------------+-------------------------------------+-----
Fighting       | 5 6 7 9 10 11 13 14 16 18 20 21 | 21.0
Axes           | 5 6 7 9 10 11 13 15 17 19 21 | 21.7
Armour         | 3 4 5 6 7 |  7.9
Dodging        | 3 4 5 6 7 8 9 10 12 | 12.6
Stealth        | 1 2 4 5 |  5.2

Action                   |  1- 3 |  4- 6 |  7- 9 | 10-12 || total
-------------------------+-------+-------+-------+-------++-------
Melee: Hand axe          |    23 |       |       |    26 ||    49
       Headbutt          |     2 |       |    11 |    25 ||    38
       War axe           |       |    17 |    34 |    58 ||   109
       Battleaxe         |       |       |       |    51 ||    51
Invok: Berserk           |     1 |     1 |     3 |     5 ||    10
  Use: Potion            |       |       |     1 |     2 ||     3
  Eat: Chunk             |       |       |     5 |     5 ||    10
       Ration            |       |       |       |     1 ||     1
Armor: Animal skin       |     1 |     1 |       |     3 ||     5
       Robe              |       |       |       |     4 ||     4
Dodge: Dodged            |     9 |       |    18 |    62 ||    89
